 Dungeon Crawl Stone Soup version 0.31-a0-263-ge8cad7f256 (webtiles) character file.

Game seed: 5561516092740369586

194 qw the Shooter (level 5, -1/32 HPs)
             Began as a Gargoyle Hexslinger on July 13, 2023.
             Slain by an iguana (4 damage)
             ... on level 4 of the Dungeon.
             The game lasted 00:01:10 (2459 turns).

qw the Shooter (Gargoyle Hexslinger)                Turns: 2459, Time: 00:01:11

Health: -1/32      AC: 12    Str: 11    XL:     5   Next: 73%
Magic:  6/6        EV: 10    Int: 14    God:
Gold:   165        SH:  5    Dex: 14    Spells: 5/6 levels left

rFire   . . .        Y - +1 sling
rCold   . . .        (no shield)
rNeg    + . .        d - +0 ring mail
rPois   inf          (no helmet)
rElec   +            (no cloak)
rCorr   .            b - +1 pair of gloves
SInv    .            a - +0 pair of boots
Will    .....        n - amulet of reflection
Stlth   +            (no ring)
HPRegen 0.25/turn    (no ring)
MPRegen 0.10/turn

%: reflection
@: no status effects
A: sickness immunity, AC +4, negative energy resistance 1, electricity
resistance, torment resistance 1, petrification resistance
a: no special abilities


You were on level 4 of the Dungeon.
You visited 1 branch of the dungeon, and saw 4 of its levels.

You collected 165 gold pieces.


Innate Abilities, Weirdness & Mutations

You are immune to sickness and miasma.
Your stone body is resilient. (AC +4)
You are immune to poison.
You resist negative energy. (rN+)
You are resistant to electric shocks. (rElec)
You are resistant to unholy torment.
You are immune to petrification.


   Skills:
 + Level 2.9 Fighting
 - Level 5.0 Ranged Weapons
 - Level 1.0 Armour
 - Level 1.5 Dodging
 - Level 1.0 Spellcasting
 - Level 2.6 Hexes


You had 5 spell levels left.
You knew the following spells:

 Your Spells              Type           Power      Damage    Failure   Level
a - Slow                  Hex            32%        N/A       21%         1

Your spell library contained the following spells:

 Spells                   Type           Power      Damage    Failure   Level
 Inner Flame              Hex/Fire       4%         N/A       71%         3
 Portal Projectile        Hex/Tloc       8%         N/A       71%         3
 Cause Fear               Hex            4%         N/A       90%         4

Inventory:

Hand Weapons
 Y - a +1 sling (weapon)
Armour
 a - a +0 pair of boots (worn)
 b - a +1 pair of gloves (worn)
 d - a +0 ring mail (worn)
Jewellery
 n - an amulet of reflection (around neck)
Scrolls
 e - a scroll of amnesia {unknown}
 k - a scroll of identify
Potions
 c - a potion of cancellation
 f - a potion of might
 h - a potion of mutation {unknown}
 j - a potion of haste {unknown}
 l - a potion of curing {unknown}

Dungeon Overview and Level Annotations

Branches:
Dungeon (4/15)
 Temple: D:4-7

Altars:

Annotations:
D:4 Natasha


Message History

You block the cerulean imp's attack.
The cerulean imp hits you from afar with a +1 spear.
The iguana barely misses you.
You shoot a sling bullet.
The sling bullet barely misses the iguana.
The sling bullet barely misses the cerulean imp.
The cerulean imp hits you but does no damage. x2
The iguana bites you but does no damage.
The cerulean imp barely misses you.
You shoot a sling bullet. The sling bullet hits the iguana.
The iguana is heavily wounded.
You block the cerulean imp's attack. The iguana bites you.
The cerulean imp hits you from afar with a +2 spear.
The cerulean imp hits you but does no damage.
You shoot a sling bullet.
The sling bullet hits the iguana but does no damage.
The iguana is heavily wounded.
The iguana barely misses you.
The cerulean imp hits you but does no damage.
The cerulean imp closely misses you. The iguana barely misses you.
You shoot a sling bullet.
The sling bullet hits the iguana but does no damage.
The iguana is heavily wounded.
The cerulean imp disappears in a puff of smoke!
The cerulean imp hits you from afar with a +2 spear.
The iguana bites you.
Natasha mewls in sadness.
The cerulean imp hits you but does no damage.
You shoot a sling bullet.
The sling bullet barely misses the iguana.
The sling bullet hits the cerulean imp but does no damage.
The iguana closely misses you.
Natasha mumbles some strange words.
The cerulean imp hits you but does no damage.
You shoot a sling bullet. The sling bullet hits the iguana.
The iguana is almost dead.
You block the iguana's attack.
The cerulean imp hits you but does no damage.
The iguana bites you.
You die...

#...........##
.............#..#.
#####...#....#..#.
#...#....#...
#...#....##.#
#####....##.#
#.......#
#...##..###
#######
#.......@.#
.....<#
#.#####l###
####### #.


555 #. ..... #.#..... #.#..... #.#..... #..... You could see an iguana and 3
cerulean imps.

Vanquished Creatures
  A jelly (D:4)
  An orc wizard (D:3)
  4 adders
  An ufetubus (D:4)
  3 worms
  4 dart slugs (D:1)
  7 orcs (D:3)
  7 bats
  9 endoplasms
  3 giant cockroaches
  4 goblins
  A hobgoblin (D:2)
  6 jackals
  2 quokkas
  4 ball pythons
  6 frilled lizards
  8 kobolds
  4 rats
75 creatures vanquished.

Notes
Turn   | Place    | Note
-------+----------+-------------------------------------------
     0 | D:1      | qw the Gargoyle Hexslinger began the quest for the Orb.
     0 | D:1      | Reached XP level 1. HP: 12/12 MP: 2/2
     0 | D:1      | 0 ||| qw: Version: 0.3-a-52-g30416fa
     0 | D:1      | 0 ||| qw: Game counter: 7306
     0 | D:1      | 0 ||| qw: Melee chars always use a shield: true
     0 | D:1      | 0 ||| qw: God list: Okawaru
     0 | D:1      | 0 ||| qw: Allow faded altars: false
     0 | D:1      | 0 ||| qw: Do Orc after clearing Dungeon:15 true
     0 | D:1      | 0 ||| qw: Do second Lair branch before Depths: true
     0 | D:1      | 0 ||| qw: Lair rune preference: random
     0 | D:1      | 0 ||| qw: Goals: Normal
     0 | D:1      | 0 ||| PLANNING D:1-11
    80 | D:1      | Reached XP level 2. HP: 16/16 MP: 3/3
   113 | D:1      | 113 ||| Stepping ~*~*~tactically~*~*~ (outnumbered).
   123 | D:1      | Reached skill level 3 in Ranged Weapons
   126 | D:1      | HP: 4/16 [kobold/+0 dagger (1)]
   224 | D:1      | Reached XP level 3. HP: 21/21 MP: 4/4
   718 | D:1      | 718 ||| UPGRADING to +0 leather armour.
   728 | D:1      | 728 ||| DROPPING +0 robe.
   729 | D:1      | 729 ||| READING scroll labelled UQETHRI ZONWE.
   730 | D:1      | 730 ||| READING scroll labelled JAMIUZ HEEXKE.
   731 | D:1      | 731 ||| DROPPING scroll of poison.
   965 | D:2      | Reached XP level 4. HP: 19/26 MP: 5/5
   967 | D:2      | Reached skill level 4 in Ranged Weapons
  1265 | D:2      | 1265 ||| UPGRADING to +0 pair of boots.
  1270 | D:2      | 1270 ||| UPGRADING to +0 ring mail.
  1280 | D:2      | 1280 ||| DROPPING +0 leather armour.
  1281 | D:2      | 1281 ||| READING scroll labelled JUSHOSK MAADEI.
  1359 | D:3      | Reached skill level 1 in Armour
  1639 | D:3      | Reached XP level 5. HP: 30/30 MP: 6/6
  1722 | D:3      | 1722 ||| FLEEEEING.
  1729 | D:3      | HP: 7/30 [orc/+0 flail (5)]
  1736 | D:3      | HP: 7/30 [something (2)]
  1745 | D:3      | HP: 6/30 [something (3)]
  1751 | D:3      | HP: 6/30 [something (1)]
  1925 | D:3      | Reached skill level 5 in Ranged Weapons
  2207 | D:3      | 2207 ||| UPGRADING to +0 pair of gloves.
  2212 | D:3      | 2212 ||| UPGRADING to amulet of reflection.
  2217 | D:3      | 2217 ||| READING scroll labelled BUULYA ZEOKEC.
  2218 | D:3      | 2218 ||| READING 2 scrolls labelled ROSMER ORHAL.
  2219 | D:3      | 2219 ||| READING scroll of enchant armour.
  2219 | D:3      | 2219 ||| ENCHANTING +0 pair of gloves.
  2220 | D:3      | 2220 ||| READING scroll labelled FULOXK ETION.
  2225 | D:3      | 2225 ||| DRINKING 2 golden potions.
  2226 | D:3      | 2226 ||| DRINKING 2 bubbling orange potions.
  2331 | D:3      | 2331 ||| READING 2 scrolls of identify.
  2331 | D:3      | 2331 ||| IDENTIFYING blue potion
  2332 | D:3      | 2332 ||| DROPPING potion of berserk rage.
  2441 | D:4      | Noticed Natasha
  2444 | D:4      | 2444 ||| Stepping ~*~*~tactically~*~*~ (outnumbered).
  2457 | D:4      | HP: 8/32 [cerulean imp/+2 spear[Natasha] (1)]
  2457 | D:4      | HP: 2/32 [iguana (6)]
  2459 | D:4      | Slain by an iguana

Levels and vault maps discovered:
D:1:      scummos_arrival_checkerplants, layout_loops_ring, st_stairs_3
D:2:      layout_rooms, columned_hall_lemuel
D:3:      layout_basic, minmay_quadrilaterals
D:4:      layout_basic, lemuel_round_altar, minmay_temple_entry_hall,
          uniq_sigmund, uniq_natasha

Skill      XL: |  1  2  3  4  5 |
---------------+----------------+-----
Ranged Weapons | 3 4 5 |  5.0
Fighting       | 2 |  2.9
Armour         | 1 |  1.0
Dodging        | |  1.5
Spellcasting   | |  1.0
Hexes          | |  2.6

Action                     |  1- 3 |  4- 6 || total
---------------------------+-------+-------++-------
   Fire: Sling             |   146 |   154 ||   300
    Use: Scroll            |     2 |     6 ||     8
         Potion            |       |     2 ||     2
 Armour: Robe              |    31 |       ||    31
         Leather armour    |    19 |     3 ||    22
         Ring mail         |       |    63 ||    63
  Dodge: Dodged            |    73 |    42 ||   115
  Block: Other             |       |    10 ||    10

Table legend:
 A = Non-vault XP
 B = Vault XP
 C = Vault XP percentage of total XP
 D = Non-vault monster count
 E = Vault monster count
 F = Vault count percentage of total count
                 A         B        C        D         E       F
            +---------+---------+-------+---------+---------+-------
      Total |     264 |      14 |   5.0 |      68 |       7 |   9.3
            +---------+---------+-------+---------+---------+-------
        D:1 |      56 |       5 |   8.2 |      31 |       2 |   6.1
        D:2 |      55 |       0 |   0.0 |      15 |       0 |   0.0
        D:3 |      99 |       9 |   8.3 |      20 |       5 |  20.0
        D:4 |      54 |       0 |   0.0 |       2 |       0 |   0.0
            +---------+---------+-------+---------+---------+-------
